 Dungeon Crawl Stone Soup version 0.29-a0-330-g52719c12eb (webtiles) character file.

Game seed: 18206027720478346872

26 kae the Firebug (level 2, -1/20 HPs)
             Began as a Demigod Fire Elementalist on May 21, 2022.
             Slain by a rat (2 damage)
             ... on level 2 of the Dungeon.
             The game lasted 00:01:01 (1514 turns).

kae the Firebug (Demigod Fire Elementalist)         Turns: 1514, Time: 00:01:01

Health: -1/20      AC:  3    Str:  9    XL:     2   Next: 69%
Magic:  3/7        EV: 12    Int: 17    God:
Gold:   32         SH:  0    Dex: 14    Spells: 2/5 levels left

rFire   . . .      SeeInvis .   d - +0 whip
rCold   . . .      Faith    .   (no shield)
rNeg    . . .      Spirit   .   a - +1 robe
rPois   .          Reflect  .   (no helmet)
rElec   .          Harm     .   (no cloak)
rCorr   .          Rampage  .   (no gloves)
Will    .....                   (no boots)
Stlth   ++........              (no amulet)
HPRegen 0.06/turn               (no ring)
MPRegen 0.10/turn               (no ring)

@: very slightly contaminated
A: high MP 1, forlorn, divine attributes
a: no special abilities


You were on level 2 of the Dungeon.
You visited 1 branch of the dungeon, and saw 2 of its levels.

You collected 32 gold pieces.

Inventory:

Hand Weapons
 d - a +0 whip (weapon)
Armour
 a - a +1 robe (worn)
Jewellery
 g - an amulet of magic regeneration
Scrolls
 c - 2 scrolls of enchant armour
 e - 3 scrolls of immolation {unknown}
 f - a scroll of fear {unknown}
 h - a scroll of teleportation {unknown}
Potions
 b - a potion of magic


   Skills:
 + Level 0.2 Fighting
 - Level 1.8 Dodging
 - Level 1.8 Stealth
 + Level 2.0 Spellcasting
 * Level 1.6 Conjurations
 * Level 3.0 Fire Magic


You had 2 spell levels left.
You knew the following spells:

 Your Spells              Type           Power      Damage    Failure   Level
a - Foxfire               Conj/Fire      36%        2x1d5     8%          1
b - Scorch                Fire           24%        2d6       9%          2

Your spell library contained the following spells:

 Spells                   Type           Power      Damage    Failure   Level
 Conjure Flame            Conj/Fire      9%         6-21      22%         3
 Inner Flame              Hex/Fire       6%         N/A       30%         3
 Flame Wave               Conj/Fire      9%         2d5       58%         4


Dungeon Overview and Level Annotations

Branches:
Dungeon (2/15)


Innate Abilities, Weirdness & Mutations

You have an increased reservoir of magic. (+10% MP)
You shall have no god before yourself.
Your divine heritage dramatically boosts your attributes as you level up.


Message History

The endoplasm freezes you.
You are frozen.
The ball python bites you. The ball python grabs you.
You stop ascending the stairs.
The ball python constricts you. The endoplasm hits you.
The ball python barely misses you. The ball python constricts you.
Casting: Foxfire (safe; 8% risk of failure)
Confirm with . or Enter, or press ? or * to list all spells.
You conjure some foxfire!
The dart slug launches a dart at you. The slug dart hits you.
The ball python closely misses you. The ball python constricts you.
The rat bites you but does no damage. The endoplasm closely misses you.
The foxfire hits the ball python.
You kill the ball python!
The foxfire hits the dart slug.
The dart slug is severely wounded.
The dart slug barely misses you. The rat closely misses you.
The endoplasm hits you.
Casting: Foxfire (safe; 8% risk of failure)
Confirm with . or Enter, or press ? or * to list all spells.
You miscast Foxfire.
You are very lightly contaminated with residual magic.
Nothing appears to happen.
The rat closely misses you. The endoplasm freezes you.
You are frozen.
* * * LOW HITPOINT WARNING * * *
The dart slug bites you.
* * * LOW HITPOINT WARNING * * *
Casting: Foxfire (safe; 8% risk of failure)
Confirm with . or Enter, or press ? or * to list all spells.
You conjure some foxfire!
The endoplasm barely misses you. The rat bites you but does no damage.
The foxfire hits the dart slug.
The dart slug is severely wounded.
The foxfire hits the dart slug.
The dart slug is almost dead.
The dart slug bites you but does no damage.
The rat bites you.
You die...

#...?##)#.#
.......#.
##.......#
#........#
#[.......#
#...$...
#..J†r#
#...@.#
##..w.#
....#.##
...##...#
## . .##
.... .. #.
... #.


You could see a dart slug, an endoplasm and a rat.

Vanquished Creatures
  3 giant cockroaches (D:1)
  4 goblins (D:1)
  2 hobgoblins (D:1)
  2 jackals (D:1)
  2 quokkas (D:1)
  2 ball pythons
  A frilled lizard (D:1)
  3 kobolds (D:1)
  4 rats (D:1)
23 creatures vanquished.

Vanquished Creatures (others)
  69 foxfires
69 creatures vanquished.

Grand Total: 92 creatures vanquished

Notes
Turn   | Place    | Note
-------+----------+-------------------------------------------
     0 | D:1      | kae the Demigod Fire Elementalist began the quest for the
                  | Orb.
     0 | D:1      | Reached XP level 1. HP: 14/14 MP: 5/5
   113 | D:1      | Reached skill level 1 in Conjurations
   493 | D:1      | Reached XP level 2. HP: 20/20 MP: 5/7
   924 | D:1      | Learned a level 2 spell: Scorch
   928 | D:1      | Reached skill level 3 in Fire Magic
  1512 | D:2      | HP: 1/20 [dart slug (2)]
  1514 | D:2      | Slain by a rat

Illustrated notes

Levels and vault maps discovered:
D:1:      psy_arrival_radial02, layout_basic, basic_ecumenical_altar,
          st_stairs_8
D:2:      layout_basic, grunt_ministairs_6, uniq_robin, uniq_natasha

Skill      XL: |  1  2 |
---------------+-------+-----
Conjurations   | 1 |  1.6
Spellcasting   | 2 |  2.0
Fire Magic     | 3 |  3.0
Fighting       | |  0.2
Dodging        | |  1.8
Stealth        | |  1.8

Action                   || total
-------------------------++-------
Melee: Whip              ||    21
 Cast: Foxfire           ||    42
       Scorch            ||     3
  Use: Scroll            ||     1
Armor: Robe              ||    10
Dodge: Dodged            ||    34

Table legend: (Time is in decaauts)
 A = Elapsed time spent in this place.
 B = Non-inter-level travel time spent in this place.
 C = Inter-level travel time spent in this place.
 D = Time resting spent in this place.
 E = Time spent auto-exploring this place.
 F = Levels seen in this place.
 G = Mean time per level.
                   A        B        C        D        E       F      G
               +--------+--------+--------+--------+--------+-----+--------+
         Total |   1515 |   1477 |     38 |      0 |   1302 |   2 |  757.5 |
       Dungeon |   1515 |   1477 |     38 |      0 |   1302 |   2 |  757.5 |
               +--------+--------+--------+--------+--------+-----+--------+

Top non-repeatable levels by time:
     D:1: 1506 daAuts
     D:2: 8 daAuts
